[Event "ICCopen2017"]
[Site "Internet Chess Club"]
[Date "2017.03.19"]
[Round "2"]
[White "vsqk"]
[Black "Equilibrium"]
[Result "1-0"]
[ICCResult "Black resigns"]
[WhiteElo "1785"]
[BlackElo "1433"]
[Opening "QGD Slav: 3.Nf3"]
[ECO "D11"]
[NIC "QP.08"]
[Time "19:22:56"]
[TimeControl "180+0"]

1. d4 d5 2. Nf3 c6 3. c4 e6 4. e3 Nf6 5. Bd3 Ne4 6. O-O f5 7. Nc3 Bd6 8.
cxd5 exd5 9. Qb3 Qe7 10. Bd2 O-O 11. Rfe1 Be6 12. Re2 Kh8 13. Rae1 b6 14.
Bc1 Nd7 15. a3 Rf6 16. Qc2 Rg6 17. b4 Rf8 18. Bb2 Ng5 19. Nxg5 Qxg5 20. g3
Rh6 21. f4 Qg4 22. Rf2 Nf6 23. Be2 Qh3 24. Bf3 Ng4 25. Bxg4 fxg4 26. Ne2 Bf5
27. Qxc6 Bxf4 28. Nxf4 Rxc6 29. Nxd5 h6 30. e4 Kg8 31. Ne7+ Kh7 32. Nxc6
Bxe4 33. Rxe4 Rxf2 34. Kxf2 Qxh2+ 35. Ke3 Qxb2 36. Rxg4 Qc1+ 37. Ke4 Qxc6+
38. Kf4 Qd6+ 39. Ke4 Qe6+ 40. Kf3 Qb3+ 41. Kf4 Qxa3 42. Ke5 Qxb4 43. Re4 a5
44. d5 a4 45. Rxb4 b5 46. Rxb5 a3 47. Ra5 {Black resigns} 1-0

[Event "ICCopen2017"]
[Site "Internet Chess Club"]
[Date "2017.03.19"]
[Round "2"]
[White "notetengomiedo"]
[Black "kathmales"]
[Result "0-1"]
[ICCResult "White checkmated"]
[WhiteElo "1559"]
[BlackElo "2240"]
[Opening "Sicilian: Kan, 5.Nc3"]
[ECO "B43"]
[NIC "SI.41"]
[Time "19:22:26"]
[TimeControl "180+0"]

1. e4 c5 2. Nf3 e6 3. d4 cxd4 4. Nxd4 a6 5. Nc3 Qc7 6. Be3 Nf6 7. Be2 Bb4 8.
f3 d5 9. O-O e5 10. Ndb5 axb5 11. Nxb5 Qd8 12. exd5 O-O 13. c4 Nbd7 14. a3
Bc5 15. Bxc5 Nxc5 16. b4 Na4 17. Qb3 Bd7 18. Nd6 Qb6+ 19. c5 Nxc5 20. Qe3
Qxd6 21. bxc5 Qxd5 22. Rfd1 Qc6 23. Rd6 Qc7 24. Rad1 Rfe8 25. Bc4 Bf5 26.
Qg5 Bg6 27. h4 Qxc5+ 28. Kh2 Qxc4 29. g4 Qf4+ 30. Qxf4 exf4 31. R1d2 h5 32.
g5 Ng4+ 33. fxg4 hxg4 34. R6d4 Rxa3 35. Rxf4 Rae3 36. Rd7 Rd3 37. Rxb7 Re2+
38. Kg1 Rd1+ 39. Rf1 Rxf1+ 40. Kxf1 Rh2 41. Rb8+ Kh7 42. Rb5 Rxh4 43. Kg2
Rh3 44. Rb4 Bf5 45. Rf4 Kg6 46. Ra4 Kxg5 47. Ra6 f6 48. Ra7 g6 49. Ra6 Be4+
50. Kf2 f5 51. Ra5 Kf4 52. Ra6 g5 53. Ra4 Rh2+ 54. Kg1 Rb2 55. Ra3 g3 56.
Kf1 Kg4 57. Ra1 Kh3 58. Kg1 g4 59. Rf1 Rh2 60. Rf4 Rh1# {White checkmated}
0-1

[Event "ICCopen2017"]
[Site "Internet Chess Club"]
[Date "2017.03.19"]
[Round "2"]
[White "Belzlover"]
[Black "findles"]
[Result "0-1"]
[ICCResult "White resigns"]
[WhiteElo "1476"]
[BlackElo "1828"]
[Opening "Sicilian: Canal-Sokolsky (Nimzovich-Rossolimo, Moscow) attack"]
[ECO "B51"]
[NIC "SI.01"]
[Time "19:24:56"]
[TimeControl "180+0"]

1. e4 c5 2. Nf3 d6 3. Bb5+ Nd7 4. O-O a6 5. Bc4 b5 6. Bd5 Rb8 7. a4 e6 8.
Bc6 Qc7 9. axb5 axb5 10. Bxd7+ Bxd7 11. d4 Nf6 12. Re1 cxd4 13. Nxd4 Be7 14.
Nc3 b4 15. Na4 O-O 16. Bg5 Rfc8 17. b3 e5 18. Nf5 Bxf5 19. exf5 Qxc2 20.
Bxf6 Bxf6 21. Qxd6 Qxf5 22. Nb6 Rd8 23. Qxb4 Qe6 24. Ra8 Qxb6 25. Qxb6 Rxb6
26. Rxd8+ Bxd8 27. Rxe5 Kf8 28. Re3 g6 {White resigns} 0-1

[Event "ICCopen2017"]
[Site "Internet Chess Club"]
[Date "2017.03.19"]
[Round "2"]
[White "uggi"]
[Black "sravanrenjith"]
[Result "1-0"]
[ICCResult "Black checkmated"]
[WhiteElo "1903"]
[BlackElo "1491"]
[Opening "QGD: exchange, positional line"]
[ECO "D35"]
[NIC "QO.16"]
[Time "19:22:34"]
[TimeControl "180+0"]

1. d4 Nf6 2. c4 e6 3. Nc3 d5 4. cxd5 exd5 5. Bg5 Be7 6. Qc2 O-O 7. e3 b6 8.
Bd3 h6 9. Bh4 Bb7 10. Nge2 Nbd7 11. O-O c5 12. f3 c4 13. Bf5 Qc7 14. e4 dxe4
15. fxe4 Qc6 16. d5 Qc5+ 17. Bf2 Qc7 18. Nb5 Qc8 19. Rac1 a6 20. d6 axb5 21.
dxe7 Re8 22. e5 Nd5 23. e6 fxe6 24. Bxe6+ Kh8 25. Rcd1 Nb4 26. Qf5 Qc6 27.
Nf4 Nf6 28. Ng6+ Kh7 29. Ne5+ Kh8 30. Nxc6 Bxc6 31. Bd4 Be4 32. Qf4 Nd3 33.
Rxd3 Bxd3 34. Bxf6 Bxf1 35. Qxh6# {Black checkmated} 1-0

[Event "ICCopen2017"]
[Site "Internet Chess Club"]
[Date "2017.03.19"]
[Round "2"]
[White "KRASAVCHIK"]
[Black "Kusox"]
[Result "1-0"]
[ICCResult "Black checkmated"]
[WhiteElo "3315"]
[BlackElo "2073"]
[Opening "Caro-Kann defense"]
[ECO "B10"]
[NIC "CK.01"]
[Time "19:23:08"]
[TimeControl "180+0"]

1. e4 c6 2. Nf3 d5 3. exd5 cxd5 4. Ne5 Nf6 5. d4 e6 6. Bd3 Nbd7 7. O-O Bd6
8. Re1 O-O 9. Bg5 Qc7 10. Qe2 h6 11. Bh4 Re8 12. Nd2 b6 13. c3 Bb7 14. f4
Be7 15. Nxf7 Qxf4 16. Qxe6 Ne4 17. Bxe7 Rxe7 18. Qxe7 Qxf7 19. Qxf7+ Kxf7
20. Nxe4 dxe4 21. Bxe4 Bxe4 22. Rxe4 Nf6 23. Rf1 Rd8 24. Re5 Rd7 25. g4 Kg6
26. h3 Rc7 27. Kg2 Rc4 28. Kg3 Ra4 29. a3 a6 30. h4 b5 31. h5+ Kf7 32. g5
hxg5 33. h6 gxh6 34. Ref5 Kg6 35. Rxf6+ Kh5 36. Rh1# {Black checkmated} 1-0

[Event "ICCopen2017"]
[Site "Internet Chess Club"]
[Date "2017.03.19"]
[Round "2"]
[White "tonychess2014"]
[Black "Fioro"]
[Result "1/2-1/2"]
[ICCResult "Game drawn by repetition"]
[WhiteElo "1848"]
[BlackElo "2272"]
[Opening "Sicilian: Alapin's variation (2.c3)"]
[ECO "B22"]
[NIC "SI.46"]
[Time "19:23:15"]
[TimeControl "180+0"]

1. e4 c5 2. c3 e6 3. d4 cxd4 4. cxd4 d5 5. e5 Nc6 6. Nc3 Bb4 7. Nf3 Nge7 8.
Bd3 a6 9. O-O Nf5 10. Bxf5 exf5 11. Bf4 Be6 12. a3 Ba5 13. Ng5 Qe7 14. Nxe6
fxe6 15. Be3 O-O 16. f4 b5 17. b4 Bb6 18. Rc1 Rac8 19. Ne2 Kh8 20. Qd3 g5
21. fxg5 Rg8 22. h4 Qf7 23. Bf2 Ne7 24. Rxc8 Rxc8 25. Rc1 Rxc1+ 26. Nxc1 Qe8
27. Ne2 Qc8 28. Qc3 Qxc3 29. Nxc3 Ng6 30. Ne2 Kg7 31. g3 h5 32. Nf4 Nxf4 33.
gxf4 Kf7 34. Kf1 Kg6 35. Ke2 Kf7 36. Kd3 Kg6 37. Kc3 Kg7 38. Kb3 Kh7 39. a4
Kg6 40. axb5 axb5 41. Kc3 Bd8 42. Kd3 Be7 43. Be3 Bxb4 44. Bd2 Ba3 45. Kc3
Be7 46. Kb3 Kf7 47. Bb4 Bd8 48. Bc5 Ba5 49. Bb4 Bb6 50. Bc3 Bd8 51. Kb4 Be7+
52. Kb3 Bd8 53. Bb4 Bb6 54. Bc3 Bd8 55. Kb4 Be7+ 56. Kb3 Bd8 57. Kb4 Be7+
58. Kb3 Bd8 59. Kb4 Be7+ 60. Kb3 {Game drawn by repetition} 1/2-1/2

[Event "ICCopen2017"]
[Site "Internet Chess Club"]
[Date "2017.03.19"]
[Round "2"]
[White "WoodPushkin"]
[Black "Pschaak"]
[Result "1-0"]
[ICCResult "Black forfeits on time"]
[WhiteElo "1611"]
[BlackElo "1707"]
[Opening "Caro-Kann defense"]
[ECO "B10"]
[NIC "CK.01"]
[Time "19:22:17"]
[TimeControl "180+0"]

1. e4 c6 2. Nf3 d5 3. exd5 cxd5 4. Bb5+ Nc6 5. d4 a6 6. Bxc6+ bxc6 7. Nc3 e6
8. Bg5 Qc7 9. O-O Nf6 10. Bxf6 gxf6 11. Qe2 Bd6 12. g3 Bd7 13. Nd1 O-O 14.
Ne3 c5 15. c3 Bb5 16. c4 cxd4 17. Nxd4 Bxc4 18. Nxc4 Qxc4 19. Qxc4 dxc4 20.
Rac1 Rfc8 21. Rfd1 Be7 22. b3 cxb3 23. Nxb3 Rxc1 24. Rxc1 a5 25. Rc7 Bb4 26.
Nd4 Rd8 27. Nc6 Rd1+ 28. Kg2 Be1 29. Rc8+ Kg7 30. Ne7 Rd2 31. Rg8+ Kh6 32.
Nc6 Bxf2 33. Kh3 Bg1 34. Kg4 f5+ 35. Kf4 Rf2+ 36. Ke5 {Black forfeits on
time} 1-0

[Event "ICCopen2017"]
[Site "Internet Chess Club"]
[Date "2017.03.19"]
[Round "2"]
[White "Kusemaestro"]
[Black "anakinnn"]
[Result "1-0"]
[ICCResult "Black forfeits on time"]
[WhiteElo "1596"]
[BlackElo "1259"]
[Opening "Alekhine's defense: Balogh variation"]
[ECO "B03"]
[NIC "AL.09"]
[Time "19:22:40"]
[TimeControl "180+0"]

1. e4 Nf6 2. e5 Nd5 3. d4 d6 4. Bc4 Nb6 5. Bb3 dxe5 6. Qh5 e6 7. dxe5 Nc6 8.
Nf3 Be7 9. O-O h6 10. Nc3 Nd5 11. Ne4 b6 12. c4 Ndb4 13. Be3 Ba6 14. Rad1
Qb8 15. Neg5 g6 16. Qg4 hxg5 17. Bxg5 Bxg5 18. Qxg5 Qb7 19. Qf6 Rg8 20. Ng5
Rf8 21. Rd7 Kxd7 22. Rd1+ Ke8 23. a3 Rd8 24. Rxd8+ Nxd8 25. axb4 Qc6 26. b5
{Black forfeits on time}
1-0

[Event "ICCopen2017"]
[Site "Internet Chess Club"]
[Date "2017.03.19"]
[Round "2"]
[White "Nos"]
[Black "MasterMind"]
[Result "0-1"]
[ICCResult "White forfeits on time"]
[WhiteElo "2208"]
[BlackElo "1788"]
[Opening "Nimzo-Indian: Sämisch variation"]
[ECO "E26"]
[NIC "NI.15"]
[Time "19:22:15"]
[TimeControl "180+0"]

1. d4 Nf6 2. c4 e6 3. Nc3 Bb4 4. e3 c5 5. a3 Bxc3+ 6. bxc3 d6 7. f4 Nc6 8.
Nf3 O-O 9. Bd3 b6 10. e4 Ba6 11. e5 Nd7 12. Qe2 Rc8 13. exd6 Nf6 14. d5 exd5
15. cxd5 Bxd3 16. Qxd3 Re8+ 17. Kf1 Qxd6 18. c4 Na5 19. Ne5 Nd7 20. Bb2 f6
21. Nxd7 Qxd7 22. Kf2 Qg4 23. g3 Qh3 24. Bc3 Nb7 25. Qf1 Qf5 26. Rc1 Qe4 27.
Qd1 Qe3+ 28. Kg2 Qe4+ 29. Qf3 Nd6 30. Ba1 Nxc4 31. Qxe4 Rxe4 32. Rhe1 Rce8
33. Rxe4 Rxe4 34. Kf3 f5 35. Bc3 Kf7 36. g4 g6 37. gxf5 gxf5 38. Ba1 Nxa3
39. Rg1 Nb5 40. Rg7+ Ke8 41. Rxh7 Nd4+ 42. Kg3 Re3+ 43. Kf2 Re2+ 44. Kg3 Re1
45. Bxd4 cxd4 46. Rxa7 d3 47. Ra2 Re2 48. Ra8+ Kd7 49. Ra3 d2 50. Rd3 b5 51.
Kh4 b4 52. Kg5 b3 53. Kxf5 b2 54. Rb3 d1=Q 55. Rb7+ Kd6 56. Rb6+ Kxd5 57.
Rf6 Qc2+ 58. Kg5 Qe4 {White forfeits on time} 0-1

[Event "ICCopen2017"]
[Site "Internet Chess Club"]
[Date "2017.03.19"]
[Round "2"]
[White "dalaz"]
[Black "jasrom"]
[Result "0-1"]
[ICCResult "White resigns"]
[WhiteElo "1551"]
[BlackElo "2156"]
[Opening "French defense"]
[ECO "C00"]
[NIC "FR.01"]
[Time "19:23:17"]
[TimeControl "180+0"]

1. e4 e6 2. Nc3 d5 3. e5 c5 4. f4 Nc6 5. Nf3 Nh6 6. Bb5 Bd7 7. O-O Be7 8. d3
O-O 9. Qe1 Nf5 10. Bxc6 Bxc6 11. g4 Nh6 12. Qg3 f5 13. h3 d4 14. Nb1 g6 15.
Na3 b5 16. Bd2 a5 17. Kf2 Qd5 18. Rg1 fxg4 19. hxg4 g5 20. Rh1 Nf7 21. Rh5
h6 22. Rah1 Kg7 23. f5 Qxf3+ 24. Qxf3 Bxf3 25. Kxf3 Nxe5+ 26. Kf2 Nxg4+ 27.
Ke2 exf5 28. Nxb5 Rae8 29. Kd1 Nf2+ 30. Kc1 Nxh1 31. Rxh1 f4 {White resigns}
0-1

[Event "ICCopen2017"]
[Site "Internet Chess Club"]
[Date "2017.03.19"]
[Round "2"]
[White "glokoll"]
[Black "biljanic"]
[Result "0-1"]
[ICCResult "White checkmated"]
[WhiteElo "1493"]
[BlackElo "2036"]
[Opening "Benko's opening"]
[ECO "A00"]
[NIC "VO.09"]
[Time "19:23:11"]
[TimeControl "180+0"]

1. g3 e5 2. Bg2 d5 3. c4 c6 4. cxd5 cxd5 5. e3 Nf6 6. Qb3 Nc6 7. a3 a6 8.
Ne2 Be7 9. O-O O-O 10. h3 Rb8 11. Qc2 Be6 12. b4 Rc8 13. Qd1 d4 14. Bb2 Bd5
15. d3 dxe3 16. fxe3 Bxg2 17. Kxg2 Qd5+ 18. e4 Qd6 19. Nbc3 Rfd8 20. Nc1 Nd4
21. g4 h6 22. Na4 Ne6 23. Qf3 Rc2+ 24. Rf2 Nf4+ 25. Kg3 Rdc8 26. Rxc2 Rxc2
27. Rb1 Rg2+ 28. Qxg2 Nxg2 29. Kxg2 b6 30. Nc3 h5 31. g5 Nh7 32. h4 f6 33.
g6 Nf8 34. Kg3 Nxg6 35. Nd5 Qe6 36. Ne3 Nf4 37. Nf5 g6 38. Nh6+ Kg7 39. Nf5+
gxf5 40. Kf3 fxe4+ 41. dxe4 Qh3+ 42. Kf2 Qg2+ 43. Ke3 Qg3+ 44. Kd2 Qf2+ 45.
Kc3 Qe3+ 46. Kc4 b5# {White checkmated} 0-1

[Event "ICCopen2017"]
[Site "Internet Chess Club"]
[Date "2017.03.19"]
[Round "2"]
[White "Bojack"]
[Black "burbur"]
[Result "0-1"]
[ICCResult "White checkmated"]
[WhiteElo "1855"]
[BlackElo "2477"]
[Opening "Caro-Kann: anti-anti-Caro-Kann defense"]
[ECO "B10"]
[NIC "CK.01"]
[Time "19:22:47"]
[TimeControl "180+0"]

1. e4 c6 2. c4 d5 3. cxd5 cxd5 4. exd5 Nf6 5. Nc3 Nxd5 6. Nf3 Nxc3 7. bxc3
Qc7 8. Be2 g6 9. h4 h5 10. Rb1 Bg7 11. Qb3 O-O 12. O-O Nc6 13. d4 b6 14. Bd3
Be6 15. Qc2 Rac8 16. Qe2 Bg4 17. Qe3 e6 18. Ng5 Na5 19. Bd2 Rfe8 20. f3 Bf5
21. Bxf5 exf5 22. Qd3 Nc4 23. Rbe1 Nxd2 24. Qxd2 Qg3 25. Rxe8+ Rxe8 26. Qf2
Qc7 27. Rc1 Bf6 28. c4 Qf4 29. Rd1 Rc8 30. d5 Qxc4 31. d6 Rd8 32. d7 Qc5 33.
Qxc5 bxc5 34. Rd5 Kf8 35. Kf1 Bd4 36. Rd6 Ke7 37. Ra6 Rxd7 38. Ke2 f6 39.
Nh3 Be5 40. Nf2 Bg3 41. Nd3 Rc7 42. Nc1 c4 43. Kd1 Bxh4 44. Kc2 Bf2 45. Ne2
Be3 46. Kc3 Kf7 47. Rd6 g5 48. Rd1 Bb6 49. Rh1 h4 50. Nc1 Ba5+ 51. Kc2 Rd7
52. Kb1 Rd2 53. f4 Bc3 54. fxg5 Rb2+ 55. Ka1 Rb5# {White checkmated} 0-1

[Event "ICCopen2017"]
[Site "Internet Chess Club"]
[Date "2017.03.19"]
[Round "2"]
[White "bhaiju"]
[Black "Westman"]
[Result "1-0"]
[ICCResult "Black forfeits on time"]
[WhiteElo "1693"]
[BlackElo "1377"]
[Opening "Sicilian: classical"]
[ECO "B58"]
[NIC "SI.25"]
[Time "19:23:19"]
[TimeControl "180+0"]

1. e4 c5 2. Nf3 Nc6 3. d4 cxd4 4. Nxd4 Nf6 5. Nc3 d6 6. Be2 a6 7. Be3 e6 8.
O-O Be7 9. h3 Bd7 10. Qd2 O-O 11. Rad1 Rc8 12. a3 b5 13. f4 Nxd4 14. Bxd4
Qc7 15. Qe3 e5 16. Bb6 Qb7 17. f5 Rxc3 18. bxc3 Nxe4 19. Bf3 d5 20. Bxe4
dxe4 21. Bc5 Bxc5 22. Qxc5 Re8 23. f6 gxf6 24. Rxf6 Kg7 25. Rdf1 Be6 26.
Qxe5 Qb6+ 27. Kh1 Qe3 28. Rxe6+ {Black forfeits on time} 1-0

[Event "ICCopen2017"]
[Site "Internet Chess Club"]
[Date "2017.03.19"]
[Round "2"]
[White "MassCarnage"]
[Black "Hesham-A"]
[Result "0-1"]
[ICCResult "White forfeits on time"]
[WhiteElo "1874"]
[BlackElo "2512"]
[Opening "English: Anglo-Dutch defense"]
[ECO "A10"]
[NIC "HD.14"]
[Time "19:22:45"]
[TimeControl "180+0"]

1. c4 f5 2. Nc3 e5 3. g3 Nf6 4. Bg2 g6 5. e3 Bg7 6. Nge2 O-O 7. d4 d6 8. O-O
c6 9. dxe5 dxe5 10. Qxd8 Rxd8 11. b3 Na6 12. Bb2 Nb4 13. Rfd1 Be6 14. Rac1
Nd3 15. Rc2 Nxb2 16. Rxd8+ Rxd8 17. Rxb2 e4 18. Nd4 Bf7 19. Bf1 c5 20. Nde2
Ng4 21. Rc2 Ne5 22. Bg2 b6 23. Nf4 Nd3 24. Ncd5 Nxf4 25. Nxf4 Rd1+ 26. Bf1
g5 27. Ne2 Bh5 28. h3 Kf7 29. g4 fxg4 30. Ng3 Bg6 31. hxg4 Be5 32. Kg2 Bxg3
33. Be2 Rd8 34. Kxg3 Ke6 35. Rb2 Rd6 36. a3 Kd7 37. b4 Kc6 38. f3 exf3 39.
Bxf3+ Kc7 40. Bd5 cxb4 41. axb4 Rf6 42. e4 Kd6 43. Re2 Ke5 44. c5 Be8 45.
Rc2 Bc6 46. cxb6 Bxd5 47. exd5 Rxb6 48. Rc7 Kxd5 49. Rxa7 Rxb4 50. Rxh7 Rb3+
51. Kf2 Ke4 52. Rf7 Rb5 53. Kg3 Rd5 54. Re7+ Re5 55. Rf7 Kd3 56. Rf5 Kd4 57.
Rxe5 Kxe5 58. Kf2 Kf4 59. Kg2 Kxg4 60. Kf2 Kh3 {White forfeits on time} 0-1

[Event "ICCopen2017"]
[Site "Internet Chess Club"]
[Date "2017.03.19"]
[Round "2"]
[White "BeerMeUpScotty"]
[Black "e8thatcat"]
[Result "1-0"]
[ICCResult "Black forfeits on time"]
[WhiteElo "1642"]
[BlackElo "1328"]
[Opening "Scandinavian (center counter) defense"]
[ECO "B01"]
[NIC "SD.01"]
[Time "19:22:58"]
[TimeControl "180+0"]

1. e4 d5 2. exd5 Qxd5 3. Nc3 Qa5 4. d4 c6 5. Bd2 Nf6 6. Nf3 Bf5 7. Bc4 e6 8.
Bb3 Nbd7 9. Qe2 Qc7 10. O-O-O Bd6 11. g3 O-O 12. Kb1 Nb6 13. h3 Nbd5 14.
Nxd5 cxd5 15. g4 Bg6 16. Ne5 Rac8 17. Nxg6 hxg6 18. h4 Bf4 19. h5 Bxd2 20.
Rxd2 Ne4 21. Rdd1 gxh5 22. f3 Nf6 23. g5 Nd7 24. Rxh5 g6 25. Rh6 Kg7 26.
Rdh1 Rh8 27. Rxh8 Rxh8 28. Rxh8 Kxh8 29. Qg2 Kg7 30. Qh3 Qf4 31. Qh6+ Kg8
32. a3 Qxf3 33. c3 Nb6 34. Bc2 Qf1+ 35. Ka2 Qc4+ 36. b3 Qe2 37. Kb1 Qe1+ 38.
Kb2 Qe2 39. a4 a5 40. Qh4 Nd7 41. Qf4 Nf8 42. Qb8 Qe3 43. Qxb7 Qxg5 44. Qb6
Qd2 45. Qxa5 g5 46. Qd8 {Black forfeits on time} 1-0

[Event "ICCopen2017"]
[Site "Internet Chess Club"]
[Date "2017.03.19"]
[Round "2"]
[White "Alwaysontime"]
[Black "pawnstar3"]
[Result "0-1"]
[ICCResult "White forfeits on time"]
[WhiteElo "2181"]
[BlackElo "1607"]
[Opening "QGD: exchange, positional line"]
[ECO "D35"]
[NIC "QO.16"]
[Time "19:22:35"]
[TimeControl "180+0"]

1. d4 d5 2. c4 e6 3. Nc3 Nf6 4. cxd5 exd5 5. Bg5 Be6 6. e3 Be7 7. Bd3 O-O 8.
Nge2 h6 9. Bh4 c6 10. O-O Nbd7 11. Rc1 Rc8 12. f3 Nb6 13. Re1 Re8 14. Bf2 c5
15. dxc5 Bxc5 16. Nf4 d4 17. Nxe6 Rxe6 18. exd4 Rxe1+ 19. Qxe1 Bxd4 20. Bf5
Rc5 21. Bb1 Bxf2+ 22. Qxf2 Rc6 23. Re1 Nbd5 24. Nxd5 Nxd5 25. Qd4 Rd6 26. h3
g6 27. Rd1 Qe7 28. Be4 Rb6 29. Bxd5 Qe2 30. Bb3 h5 31. Qd8+ Kg7 32. Qd2 Qe7
33. Re1 Qc7 34. Qd4+ Kh7 35. Re8 Qc1+ 36. Kh2 g5 {White forfeits on time}
0-1

[Event "ICCopen2017"]
[Site "Internet Chess Club"]
[Date "2017.03.19"]
[Round "2"]
[White "RebelJohnny"]
[Black "shredded"]
[Result "0-1"]
[ICCResult "White forfeits on time"]
[WhiteElo "1964"]
[BlackElo "2777"]
[Opening "Bird's opening"]
[ECO "A02"]
[NIC "VO.07"]
[Time "19:22:25"]
[TimeControl "180+0"]

1. f4 b6 2. Nf3 Bb7 3. e3 g6 4. b3 Bg7 5. Nc3 c5 6. Bb2 Nf6 7. Be2 O-O 8.
O-O Ne4 9. d4 Nxc3 10. Bxc3 d6 11. Qd2 Nd7 12. dxc5 bxc5 13. Bxg7 Kxg7 14.
Qc3+ Kg8 15. Rad1 Nf6 16. Nd2 Qc7 17. Bf3 d5 18. Rfe1 Rac8 19. Nb1 Rfd8 20.
Qe5 Qxe5 21. fxe5 Ne8 22. c4 e6 23. Nc3 Nc7 24. Rd2 Rd7 25. Red1 Rcd8 26.
Na4 Na6 27. cxd5 Bxd5 28. Be2 Nb4 29. a3 Nc6 30. e4 Nxe5 31. exd5 exd5 32.
Nxc5 Rc7 33. b4 a5 34. Rxd5 Re8 35. Bb5 Ree7 36. Nd7 Ng4 37. R5d3 axb4 38.
axb4 Rb7 39. Nf6+ Nxf6 40. Rd8+ Kg7 41. Bf1 Rxb4 42. h3 Rbe4 43. Kh2 h5 44.
g3 Re1 45. Rxe1 Rxe1 46. Bc4 Re8 47. Rxe8 Nxe8 48. Kg2 Nd6 49. Kf3 Nxc4 50.
g4 Nd6 51. gxh5 gxh5 52. Kf4 Kg6 53. Ke5 Ne8 54. Kf4 Ng7 55. h4 f6 56. Ke4
Nf5 57. Kf4 Nxh4 58. Ke4 Nf5 59. Kd5 Ng7 60. Ke4 Kg5 61. Kf3 h4 62. Kg2 Kg4
63. Kh2 h3 64. Kh1 Kg3 65. Kg1 Nh5 66. Kh1 Nf4 67. Kg1 Nd3 68. Kh1 Nf2+ 69.
Kg1 h2+ 70. Kf1 h1=Q+ {White forfeits on time} 0-1

[Event "ICCopen2017"]
[Site "Internet Chess Club"]
[Date "2017.03.19"]
[Round "2"]
[White "leole51"]
[Black "niftyleopard"]
[Result "1-0"]
[ICCResult "Black forfeits on time"]
[WhiteElo "1573"]
[BlackElo "1141"]
[Opening "Ruy Lopez: Anderssen variation"]
[ECO "C77"]
[NIC "RL.12"]
[Time "19:22:31"]
[TimeControl "180+0"]

1. e4 e5 2. Nf3 Nc6 3. Bb5 a6 4. Ba4 Nf6 5. d3 Be7 6. Bxc6 dxc6 7. Nxe5 O-O
8. O-O Bd6 9. Nf3 Re8 10. Re1 Bg4 11. Nbd2 Bc5 12. Nf1 Qd7 13. c3 Bf8 14. h3
Bh5 15. Ng3 Bg6 16. Bg5 Nh5 17. Qe2 Nxg3 18. fxg3 h6 19. Be3 Bd6 20. Bf4
Bxf4 21. gxf4 Bh7 22. Ne5 Qe7 23. Qg4 Qe6 24. Qxe6 Rxe6 25. Rad1 f6 26. Nf3
Rd6 27. f5 Rad8 28. Nd4 R8d7 29. Ne6 Kh8 30. Nc5 Re7 31. Nxb7 Rdd7 32. Nc5
Rd8 33. Nxa6 Ra8 34. Nb4 Bg8 35. Nxc6 Rd7 36. a3 Rd6 37. Nd4 c5 38. Nb5 Rb6
39. c4 Bf7 40. Rd2 Be8 41. e5 Bxb5 42. cxb5 Rxb5 43. e6 Re8 44. e7 Rb7 45.
Rde2 Kg8 46. Re6 Kf7 47. b4 Rbxe7 48. Rxe7+ Rxe7 49. Rxe7+ Kxe7 50. b5 Kd7
51. a4 Kc8 52. a5 Kb7 53. Kf2 {Black forfeits on time} 1-0

[Event "ICCopen2017"]
[Site "Internet Chess Club"]
[Date "2017.03.19"]
[Round "2"]
[White "ontheprowl"]
[Black "jcgs1030"]
[Result "1/2-1/2"]
[ICCResult "Black ran out of time and White has no material to mate"]
[WhiteElo "1507"]
[BlackElo "1992"]
[Opening "Sicilian: Alapin's variation (2.c3)"]
[ECO "B22"]
[NIC "SI.47"]
[Time "19:22:12"]
[TimeControl "180+0"]

1. e4 c5 2. c3 Nf6 3. e5 Nd5 4. d4 cxd4 5. Nf3 d6 6. cxd4 Nc6 7. Bc4 Nb6 8.
Bb3 dxe5 9. d5 Na5 10. Nxe5 Nxb3 11. Qxb3 Qxd5 12. Qg3 f6 13. Nf3 e5 14. Nc3
Qd3 15. Be3 Bd7 16. Rd1 Qc4 17. Nxe5 fxe5 18. Qxe5+ Qe6 19. Qg3 Be7 20. O-O
O-O 21. Rfe1 Qg4 22. Qxg4 Bxg4 23. f3 Nc4 24. fxg4 Nxe3 25. Rxe3 Bc5 26. Re1
Rae8 27. Nd5 Re5 28. b4 Bd4 29. h3 Rxd5 30. Kh2 Bxe3 31. Rxe3 Rd7 32. Re5 h6
33. Rc5 b6 34. Rc6 Rff7 35. Rc8+ Kh7 36. Rc6 Rc7 37. b5 Rxc6 38. bxc6 Rc7
39. a4 Rxc6 40. Kg3 Rc5 41. Kf4 Ra5 42. Ke4 Rxa4+ 43. Kf5 Ra2 44. Ke6 Rxg2
45. Kd5 Rg3 46. Kc4 Rxh3 47. g5 Rh4+ 48. Kb5 hxg5 49. Ka6 Rf4 50. Kxa7 Kg6
51. Kxb6 Kf6 52. Kc5 Ke6 53. Kb6
{Black ran out of time and White has no material to mate}
1/2-1/2

[Event "ICCopen2017"]
[Site "Internet Chess Club"]
[Date "2017.03.19"]
[Round "2"]
[White "fueguino"]
[Black "Trentosk"]
[Result "0-1"]
[ICCResult "White forfeits on time"]
[WhiteElo "1893"]
[BlackElo "2525"]
[Opening "King's Indian: Four pawns attack, dynamic line"]
[ECO "E76"]
[NIC "KI.31"]
[Time "19:22:36"]
[TimeControl "180+0"]

1. d4 Nf6 2. c4 g6 3. Nc3 Bg7 4. e4 d6 5. f4 c5 6. d5 O-O 7. Nf3 Bg4 8. h3
Bxf3 9. Qxf3 Nfd7 10. Bd3 Na6 11. a3 Nc7 12. O-O a6 13. Bd2 b5 14. Rae1 Rb8
15. cxb5 axb5 16. e5 dxe5 17. f5 c4 18. Bb1 Ne8 19. Bg5 Nef6 20. d6 Qb6+ 21.
Kh1 Qxd6 22. Rd1 Qc7 23. Nd5 Nxd5 24. Rxd5 Nf6 25. Rfd1 Nxd5 26. Rxd5 Rfd8
27. Be4 Rxd5 28. Bxd5 Rf8 29. fxg6 hxg6 30. Qe4 Qd6 31. Kh2 e6 32. Bc6 Rb8
33. Be3 f5 34. Qh4 e4+ 35. Bf4 e5 36. Bg3 Qxc6 37. Qe7 Re8 38. Qg5 f4 39.
Bh4 e3 40. Be1 Qe4 41. h4 Qf5 42. Qxf5 gxf5 43. h5 Rd8 44. Kg1 Bh6 45. Kf1
Rd1 46. Ke2 Rb1 47. Bc3 e4 48. g3 Bg7 49. gxf4 Bxc3 50. bxc3 Rb3 51. Kxe3
Rxc3+ 52. Kd4 Rxa3 53. Ke5 e3 54. Kxf5 e2 55. Kg6 e1=Q 56. h6 Rg3+ 57. Kf5
Qb1+ 58. Ke6 Re3+ 59. Kd5 Qe4+ 60. Kc5 Qf5+ 61. Kb6 Re6+ 62. Ka5 b4+ 63.
Kxb4 c3 64. Kxc3 Qxf4 65. Kb3 Rxh6 66. Kc2 Rh3 67. Kd1 Qf2
{White forfeits on time}
0-1

[Event "ICCopen2017"]
[Site "Internet Chess Club"]
[Date "2017.03.19"]
[Round "2"]
[White "Jorsay"]
[Black "leonardoalmeida"]
[Result "0-1"]
[ICCResult "White forfeits on time"]
[WhiteElo "1434"]
[BlackElo "1784"]
[Opening "Scandinavian (center counter) defense"]
[ECO "B01"]
[NIC "VO.17"]
[Time "19:22:43"]
[TimeControl "180+0"]

1. e4 d5 2. exd5 Qxd5 3. Nf3 c6 4. d4 Bg4 5. Be2 e6 6. O-O Nf6 7. Be3 Qd8 8.
Nbd2 Nbd7 9. c3 Be7 10. Qc2 Bf5 11. Bd3 Bxd3 12. Qxd3 O-O 13. b3 Qc7 14.
Rac1 Rad8 15. Rfd1 e5 16. dxe5 Nxe5 17. Qe2 Neg4 18. Bg5 Rfe8 19. Qc4 Ne5
20. Nxe5 Qxe5 21. Nf3 Qa5 22. b4 Qf5 23. Re1 Bf8 24. Bh4 h6 25. Rcd1 Rxd1
26. Rxd1 Qc2 27. Qb3 Qf5 28. Qb2 b5 29. Qd2 c5 30. a3 c4 31. Nd4 Qh5 32.
Bxf6 gxf6 33. Re1 Re5 34. Nc6 Rxe1+ 35. Qxe1 Qf5 36. h3 a6 37. Ne7+ Bxe7 38.
Qxe7 Qb1+ 39. Kh2 Qf5 40. Qe8+ Kg7 41. Qe3 Qe5+ 42. Qg3+ Qxg3+ 43. Kxg3 f5
44. Kf3 Kf6 45. Kf4 Ke6 46. h4 f6 47. g3 h5 48. f3 Kd6 49. g4 fxg4 50. fxg4
hxg4 51. Kxg4 Ke6 52. Kf4 Kf7 53. h5 Kg7 54. Kf5 Kh6 55. Kxf6 Kxh5
{White forfeits on time}
0-1